 Dungeon Crawl Stone Soup version 0.29-a0-384-g6960b1960d (webtiles) character file.

Game seed: 783175229620924973

49 bwicke the Changer (level 3, -6/23 HPs)
             Began as an Octopode Transmuter on May 7, 2022.
             Mangled by a gnoll
             ... wielding a +1 flail of protection
              (9 damage)
             ... on level 1 of the Dungeon.
             The game lasted 00:05:35 (1679 turns).

bwicke the Changer (Octopode Transmuter)            Turns: 1679, Time: 00:05:36

Health: -6/23      AC:  1    Str:  9    XL:     3   Next: 75%
Magic:  0/6        EV: 12    Int: 19    God:
Gold:   73         SH:  6    Dex: 12    Spells: 5/6 levels left

rFire   . . .      SeeInvis .     - Unarmed
rCold   . . .      Faith    .   f - +2 buckler
rNeg    . . .      Spirit   +   (helmet restricted)
rPois   .          Reflect  .   c - amulet of guardian spirit
rElec   .          Harm     .   (no ring)
rCorr   .          Rampage  .   (no ring)
Will    +....                   (no ring)
Stlth   ++........              (no ring)
HPRegen 0.07/turn               (no ring)
MPRegen 0.10/turn               (no ring)
                                (no ring)
                                (no ring)

@: no status effects
A: almost no armour, amphibious, 8 rings, camouflage 1, gelatinous body 1,
(nimble swimmer 1), tentacles, tentacle spike 1, clever 1, strong-willed 1, no
potion heal 1
a: no special abilities


You were on level 1 of the Dungeon.
You visited 1 branch of the dungeon, and saw 2 of its levels.

You collected 73 gold pieces.

Inventory:

Hand Weapons
 d - a +0 dagger
 e - a +1 rapier
 h - a +0 mace
 j - a +0 hunting sling
Missiles
 g - 57 stones
 k - 2 poisoned darts
Armour
 f - a +2 buckler (worn)
Jewellery
 c - an amulet of guardian spirit (around mantle)
Potions
 a - a potion of lignification


   Skills:
 - Level 1.0 Fighting
 - Level 2.0 Dodging
 + Level 2.0 Shields
 - Level 3.0 Unarmed Combat
 - Level 2.0 Spellcasting
 - Level 3.2 Transmutations


You had 5 spell levels left.
You knew the following spells:

 Your Spells              Type           Power      Damage    Failure   Level
a - Beastly Appendage     Tmut           28%        N/A       6%          1

Your spell library contained the following spells:

 Spells                   Type           Power      Damage    Failure   Level
 Wereblood                Tmut           14%        N/A       9%          2
 Spider Form              Tmut/Pois      8%         N/A       34%         3
 Ice Form                 Ice/Tmut       8%         N/A       75%         4


Dungeon Overview and Level Annotations

Branches:
Dungeon (2/15)

Altars:

Shops:
D:1 [

Annotations:
D:2 Sigmund


Innate Abilities, Weirdness & Mutations

You cannot wear most types of armour.
You are amphibious.
You can wear up to eight rings at the same time.
Your skin changes colour to match your surroundings (Stealth+).
Your rubbery body absorbs attacks. (AC +1, EV +1)
((You are camouflaged when in or above water. (Stealth+)))
You have tentacles for arms and can constrict up to eight enemies at once.
One of your tentacles bears a spike.
Your mind is acute. (Int +2)
You are strong-willed. (Will+)
Potions are less effective at restoring your health.


Message History

You tentacle-slap the jackal but do no damage.
The jackal is moderately wounded.
You constrict the jackal. The jackal closely misses you. The jackal bites you.
You tentacle-slap the jackal. You squeeze the jackal.
You kill the jackal!
Your tentacle spike disappears.
There is a stone staircase leading up here.
You climb upwards.
There is a stone staircase leading down here.
You start resting.
Magic restored.
You start resting.
HP restored.
You climb downwards.
Level annotation: Sigmund You block the gnoll's attack.
The gnoll hits you with a +1 flail of protection.
The gnoll closely misses you.
The gnoll hits you with a +1 flail of protection!
There is a stone staircase leading up here.
The gnoll hits you with a +0 club. The gnoll barely misses you. x2
You climb upwards.
There is a stone staircase leading down here.
The gnoll attacks as you move away! The gnoll hits you with a +0 club.
The gnoll barely misses you. The gnoll attacks as you move away!
You block the gnoll's attack. The gnoll attacks as you move away!
The gnoll hits you with a +1 flail of protection.
* * * LOW HITPOINT WARNING * * *
There is an open door here.
Really quaff the potion of lignification?
Okay, then.
It was a potion of cancellation.
You feel magically purged. The gnoll barely misses you.
It was a potion of mutation.
You feel extremely strange.
Your system partially rejects the healing effects of potions.
You feel strong-willed.
You feel clever.
One of your lower tentacles grows a sharp spike.
The gnoll hits you with a +1 flail of protection!
You die...

#.# #..... #.# ###...
#.###############... ######
#.##...........##..# .....#
#.##...........##... .....#
#.##...........##... .....#
#.##...........##... ######
#>##...........##...
#gg@.....<.....'....
#.##...........##... ########
#.##...........##... #......#
#.##...........##.#.
##.####.###.##...........##.#.
#.........#.##...........##.#.
#...........###############...
####.......>)#################...
...........)..............#......


You could see 2 gnolls.

Vanquished Creatures
  A gnoll (D:2)
  A dart slug (D:2)
  4 ball pythons
  3 bats (D:1)
  An endoplasm (D:1)
  3 giant cockroaches (D:1)
  4 goblins
  7 jackals
  A kobold (D:1)
  2 quokkas (D:1)
  2 frilled lizards (D:1)
  3 rats (D:1)
32 creatures vanquished.

Vanquished Creatures (collateral kills)
  A goblin (D:1)
1 creature vanquished.

Grand Total: 33 creatures vanquished

Notes
Turn   | Place    | Note
-------+----------+-------------------------------------------
     0 | D:1      | bwicke the Octopode Transmuter began the quest for the Orb.
     0 | D:1      | Reached XP level 1. HP: 13/13 MP: 3/3
    73 | D:1      | Reached XP level 2. HP: 18/18 MP: 5/5
   143 | D:1      | Found a faded altar of an unknown god.
   529 | D:1      | Found Poysaug's Antique Armour Emporium.
  1017 | D:1      | Reached XP level 3. HP: 23/23 MP: 4/6
  1025 | D:1      | Reached skill level 1 in Shields
  1137 | D:2      | Noticed Sigmund
  1679 | D:1      | Gained mutation: Potions are less effective at restoring
                  | your health. [potion of mutation]
  1679 | D:1      | Gained mutation: You are strong-willed. (Will+) [potion of
                  | mutation]
  1679 | D:1      | Gained mutation: Your mind is acute. (Int +2) [potion of
                  | mutation]
  1679 | D:1      | Gained mutation: One of your tentacles bears a spike.
                  | [potion of mutation]
  1679 | D:1      | Mangled by a gnoll

Illustrated notes

Levels and vault maps discovered:
D:1:      psy_arrival_statuary, layout_basic,
          shapermc_ecumenical_altar_mp_ritualfount, serial_shops,
          nicolae_diamond_shop, hangedman_decor_push
D:2:      kennysheep_big_flooded_room, layout_basic, serial_shops, shop,
          hangedman_decor_growths, uniq_sigmund

Skill      XL: |  1  2  3 |
---------------+----------+-----
Transmutations | 3 |  3.2
Shields        | 2 |  2.0
Fighting       | |  1.0
Dodging        | |  2.0
Unarmed Combat | |  3.0
Spellcasting   | |  2.0

Action                   || total
-------------------------++-------
Melee: Unarmed           ||    65
       Kick              ||    21
       Constrict         ||    18
       Tentacles         ||     8
Throw: Dart              ||     2
 Cast: Beastly Appendage ||    15
  Use: Scroll            ||     3
       Potion            ||     2
 Stab: Sleeping          ||     7
Armor: Skin              ||     6
Dodge: Dodged            ||    33
Block: Buckler           ||    11

Table legend: (Time is in decaauts)
 A = Elapsed time spent in this place.
 B = Non-inter-level travel time spent in this place.
 C = Inter-level travel time spent in this place.
 D = Time resting spent in this place.
 E = Time spent auto-exploring this place.
 F = Levels seen in this place.
 G = Mean time per level.
                   A        B        C        D        E       F      G
               +--------+--------+--------+--------+--------+-----+--------+
         Total |   1679 |   1649 |     30 |    364 |    939 |   2 |  839.5 |
       Dungeon |   1679 |   1649 |     30 |    364 |    939 |   2 |  839.5 |
               +--------+--------+--------+--------+--------+-----+--------+

Top non-repeatable levels by time:
     D:1: 1517 daAuts
     D:2: 162 daAuts
